Map: Ascension to Aiur LE

Players

llllllllllll

  • Race: Zerg Zerg
  • League: Grandmaster
  • Spawn Location: 11:00

FLORENCIO - Winner!

  • Race: Protoss Protoss
  • League: Master
  • Spawn Location: 5:00

VOD

Have the link to the VOD?

Description

Time

  • Played on: July 27, 2017, 1:07 a.m.
  • Length: 11:28
Show
View Real Time Build Order
Export as new Build Order

llllllllllll Zerg 

Build Orders: Pool First 

Get SALT Encoding   

  12  0:03  Drone  
  13  0:12  Drone  
  14  0:15  Extractor  
  14  0:16  Drone  
  15  0:37  Overlord  
  15  0:43  Extractor  
  15  0:47  Extractor, Drone  
  16  1:01  Drone x3  
  16  1:03  Extractor  
  18  1:11  Spawning Pool  
  17  1:17  Drone  
  18  1:29  Drone  
  19  1:42  Hatchery  
  18  1:58  Zergling x6  
  21  2:24  Drone  
  22  2:39  Overlord  
  22  2:53  Queen  
  22  2:55  Drone x4  
  22  2:57  Queen  
  30  2:59  Metabolic Boost  
  30  3:11  Drone x2  
  32  3:16  Drone  
  33  3:21  Roach Warren  
  33  3:24  Drone  
  33  3:28  Zergling x4  
  33  3:32  Baneling Nest  
  33  3:33  Hatchery  
  34  3:38  Spore Crawler  
  34  3:39  Spore Crawler  
  32  3:43  Queen  
  32  3:44  Overlord x2  
  35  3:48  Zergling x2  
  35  3:52  Overlord  
  35  4:01  Zergling x2  
  35  4:02  Zergling x4  
  38  4:04  Zergling x4  
  40  4:10  Zergling x6  
  40  4:16  Drone x2  
  45  4:24  Zergling x4  
  47  4:34  Zergling x2  
  47  4:35  Zergling x2  
  49  4:47  Overlord  
  49  4:50  Drone x2  
  49  4:51  Drone x3  
  54  4:53  Lair  
  54  4:56  Zergling x4  
  56  5:04  Zergling x4  
  58  5:10  Baneling  
  58  5:11  Baneling x8  
  58  5:13  Drone  
  59  5:22  Overlord  
  52  5:35  Drone x2  
  52  5:36  Drone x4  
  52  5:38  Drone x2  
  52  5:39  Drone x3  
  61  5:48  Drone  
  61  5:49  Drone  
  63  5:53  Extractor  
  63  5:54  Extractor, Drone  
  63  5:55  Drone x5  
  67  6:01  Overlord  
  67  6:05  Overlord  
  67  6:06  Drone x2  
  69  6:12  Zergling x2  
  70  6:20  Zergling x4  
  70  6:25  Spore Crawler  
  71  6:27  Spine Crawler x2, Queen  
  71  6:28  Spine Crawler, Zergling x2  
  71  6:39  Drone x5  
  76  6:41  Evolution Chamber  
  76  6:43  Evolution Chamber  
  76  6:45  Zergling x2  
  76  6:46  Zergling x2  
  76  6:51  Queen  
  76  7:07  Queen  
  78  7:20  Overlord  
  78  7:21  Overlord  
  78  7:23  Drone x6  
  78  7:24  Drone x3  
  78  7:28  Spore Crawler  
  78  7:29  Drone  
  87  7:31  Spore Crawler  
  87  7:37  Overlord x2  
  86  7:39  Overlord  
  86  7:41  Zerg Ground Armor Level 1, Zerg Missile Weapons Level 1  
  86  7:54  Drone  
  86  7:55  Drone x4  
  86  7:56  Spore Crawler  
  90  8:01  Extractor  
  90  8:03  Extractor  
  72  8:34  Extractor  
  72  8:35  Hydralisk Den  
  70  8:41  Hatchery  
  66  9:00  Drone x4  
  66  9:01  Drone x2  
  72  9:03  Hydralisk  
  72  9:04  Hydralisk  
  72  9:06  Muscular Augments  
  72  9:07  Hydralisk x3  
  72  9:08  Hydralisk x6  
  72  9:09  Hydralisk x3  
  100  9:23  Hydralisk x3  
  89  9:38  Hydralisk  
  89  9:39  Hydralisk x4  
  89  9:44  Drone  
  100  9:51  Drone x2  
  102  9:54  Drone  
  103  10:00  Drone  
  103  10:01  Spore Crawler x2  
  103  10:04  Zergling x4  
  103  10:05  Zergling x4  
  106  10:11  Drone x2  
  108  10:16  Hydralisk x2  
  108  10:17  Hydralisk  
  108  10:20  Drone  
  115  10:31  Drone  
  116  10:54  Overlord  
  116  10:59  Hatchery  
  116  11:00  Hatchery  
  114  11:07  Overlord  
  114  11:08  Drone  
  114  11:09  Drone  
Show
View Real Time Build Order
Export as new Build Order

FLORENCIO Protoss - Winner!

Build Orders: Nexus First 

Get SALT Encoding   

  12  0:00  Probe (Chrono Boost)  
  13  0:11  Probe (Chrono Boost)  
  14  0:22  Probe (Chrono Boost)  
  14  0:27  Pylon  
  15  0:45  Probe (Chrono Boost)  
  16  0:57  Nexus  
  16  1:00  Probe (Chrono Boost)  
  17  1:13  Gateway  
  17  1:16  Probe (Chrono Boost)  
  18  1:27  Probe (Chrono Boost)  
  18  1:31  Gateway  
  19  1:41  Pylon  
  20  1:47  Probe (Chrono Boost)  
  20  1:50  Assimilator  
  20  1:53  Assimilator  
  20  2:09  Probe (Chrono Boost)  
  20  2:14  Probe (Chrono Boost)  
  24  2:17  Zealot (Chrono Boost)  
  24  2:20  Probe (Chrono Boost)  
  25  2:25  Zealot (Chrono Boost)  
  27  2:31  Probe  
  28  2:38  Pylon  
  28  2:41  Probe  
  28  2:43  Pylon  
  31  2:46  Zealot (Chrono Boost)  
  31  2:48  Probe  
  31  2:49  Zealot (Chrono Boost)  
  34  2:56  Probe  
  35  3:01  Probe  
  36  3:08  Assimilator  
  36  3:12  Assimilator  
  38  3:14  Zealot (Chrono Boost)  
  38  3:16  Cybernetics Core  
  38  3:17  Probe  
  39  3:43  Probe  
  42  3:55  Mothership Core  
  42  4:02  Forge  
  42  4:04  Pylon  
  42  4:22  Stargate  
  42  4:23  Stargate  
  42  4:25  Stargate  
  42  4:29  Probe  
  39  4:31  Probe  
  34  4:40  Probe  
  34  4:41  Pylon  
  34  4:43  Probe  
  36  4:50  Probe, Photon Cannon  
  37  4:53  Photon Cannon  
  37  4:55  Probe  
  38  5:01  Probe  
  38  5:05  Oracle  
  42  5:07  Oracle  
  42  5:14  Oracle  
  45  5:16  Probe  
  45  5:18  Probe  
  50  5:32  Pylon  
  50  5:37  Pylon  
  50  5:43  Oracle x2  
  50  5:49  Oracle  
  59  6:02  Probe x2  
  61  6:06  Stalker (Chrono Boost)  
  63  6:12  Probe, Photon Cannon  
  63  6:14  Probe  
  65  6:18  Oracle  
  65  6:20  Oracle  
  65  6:23  Probe  
  72  6:26  Probe  
  72  6:29  Oracle  
  73  6:54  Oracle  
  73  6:56  Oracle  
  76  7:05  Oracle  
  79  7:17  Probe  
  79  7:19  Photon Cannon  
  79  7:21  Photon Cannon  
  80  7:29  Probe  
  81  7:30  Oracle  
  84  7:42  Pylon  
  84  7:54  Nexus  
  84  7:56  Pylon  
  84  7:57  Oracle  
  86  8:00  Oracle  
  86  8:01  Zealot (Chrono Boost)  
  86  8:05  Zealot (Chrono Boost)  
  93  8:25  Zealot (Chrono Boost)  
  95  8:28  Oracle  
  95  8:32  Zealot (Chrono Boost)  
  100  9:05  Oracle x3  
  100  9:09  Pylon  
  109  9:10  Pylon  
  109  9:13  Pylon  
  106  9:41  Oracle  
  106  9:43  Oracle x2  
  106  9:44  Probe  
  116  9:55  Probe  
  116  9:56  Zealot (Chrono Boost)  
  121  10:00  Zealot (Chrono Boost)  
  121  10:01  Pylon  
  121  10:03  Pylon  
  121  10:06  Probe  
  122  10:16  Oracle, Probe  
  122  10:19  Oracle x2  
  122  10:20  Zealot (Chrono Boost)  
  134  10:25  Photon Cannon  
  134  10:27  Photon Cannon, Probe, Zealot (Chrono Boost)  
  136  10:28  Photon Cannon  
  136  10:30  Photon Cannon  
  136  10:32  Photon Cannon  
  136  10:35  Assimilator  
  137  10:37  Probe  
  137  10:39  Assimilator  
  138  10:48  Probe  
  139  10:50  Zealot (Chrono Boost)  
  139  10:54  Zealot (Chrono Boost)  
  144  10:58  Probe  
Tags
 
Add a new tag
Caveats
  • Supply blocks, unpowered buildings, or Contaminate may cause inaccurate times.
  • Supply counts are checked every 10 seconds.